FSL
MIAMI WHALES @ ST. PETERSBURG SAINTS
08/14/1982
 
TOP OF THE 1ST
Miami Whales batting - Pitching for St. Petersburg Saints : RHP Tian-yun Liu
Pitching: RHP Tian-yun Liu
Batting: SHB Ramon Alcantara 0-0: Foul Ball, location: 2F
0-1: Foul Ball, location: 2F
0-2: Fly out, F7 (Flyball, 7D, EV 88.1 MPH)
Batting: RHB Donald Hubbard 0-0: Ball
1-0: Called Strike
1-1: Ball
2-1: Foul Ball, location: 2F
2-2: Foul Ball, location: 2F
2-2: Foul Ball, location: 2F
2-2: Foul Ball, location: 2F
2-2: Foul Ball, location: 2F
2-2: Strikes out swinging
Batting: RHB Tom Grant 0-0: Called Strike
0-1: SINGLE (Groundball, 4MD, EV 98.1 MPH)
Batting: LHB Lorenzo Bundy 0-0: Swinging Strike
0-1: Foul Ball, location: 2F
0-2: Ball
1-2: Strikes out looking
Top of the 1st over - 0 runs, 1 hit, 0 errors, 1 left on base; Miami 0 - St. Petersburg 0
BOTTOM OF THE 1ST
St. Petersburg Saints batting - Pitching for Miami Whales : LHP David Wells
Pitching: LHP David Wells
Batting: RHB Jeff Pyburn 0-0: Ball
1-0: Ball
2-0: Ball
3-0: Called Strike
3-1: Foul Ball, location: 2F
3-2: Base on Balls
Batting: RHB Pablo Carballo 0-0: Ball
1-0: SINGLE (Line Drive, 8RS, EV 96.3 MPH)
Jeff Pyburn to second
Runner from 2nd tries for 3rd, SAFE, throw by CF made to third
Batting: LHB Terry Blocker 0-0: Called Strike
0-1: Ball
1-1: Ball
2-1: Called Strike
2-2: Foul Ball, location: 2F
2-2: Strikes out swinging
Batting: RHB Rock Coyle 0-0: Called Strike
0-1: Foul Ball, location: 2F
0-2: Ball
1-2: Ball
2-2: Ball
3-2: Foul Ball, location: 2F
3-2: Strikes out swinging
Batting: RHB Joe Lansford 0-0: Ball
Pablo Carballo is caught stealing 2nd base 2-4
Bottom of the 1st over - 0 runs, 1 hit, 0 errors, 1 left on base; Miami 0 - St. Petersburg 0
TOP OF THE 2ND
Miami Whales batting - Pitching for St. Petersburg Saints : RHP Tian-yun Liu
Batting: RHB Steve Benson 0-0: Called Strike
0-1: Fly out, F4 (Flyball, 4D, EV 77.5 MPH)
Batting: LHB Brad Garnett 0-0: Fly out, F7 (Flyball, 78D, EV 96.3 MPH)
Batting: RHB Ramon Cardenas 0-0: Called Strike
0-1: Foul Ball, location: 2F
0-2: Ball
1-2: Strikes out swinging
Top of the 2nd over - 0 runs, 0 hits, 0 errors, 0 left on base; Miami 0 - St. Petersburg 0
BOTTOM OF THE 2ND
St. Petersburg Saints batting - Pitching for Miami Whales : LHP David Wells
Batting: RHB Joe Lansford 0-0: Called Strike
0-1: SINGLE (Groundball, 6D, EV 98.1 MPH)
Batting: RHB Ric Despaux 0-0: Ball
1-0: Reached on error, E7 (Flyball, 78S, EV 93.8 MPH)
Joe Lansford to second
Batting: RHB Randy Ingle 0-0: Ball
1-0: Ball
2-0: Ball
3-0: Called Strike
3-1: Base on Balls
Joe Lansford to third
Ric Despaux to second
Batting: RHB Roberto Alvarez 0-0: Called Strike
0-1: Grounds into double play, 5-4-3 (Groundball, 56, EV 83.1 MPH)
Joe Lansford scores
Ric Despaux to third
Batting: RHB Francisco Escalera 0-0: Ball
1-0: Ball
2-0: Fly out, F8 (Flyball, 89M, EV 92.5 MPH)
Bottom of the 2nd over - 1 run, 1 hit, 1 error, 1 left on base; Miami 0 - St. Petersburg 1
TOP OF THE 3RD
Miami Whales batting - Pitching for St. Petersburg Saints : RHP Tian-yun Liu
Batting: SHB Philip Rossi 0-0: Foul Ball, location: 2F
0-1: Fly out, F6 (Flyball, 5D, EV 77.5 MPH)
Batting: RHB Patrick Rubino 0-0: Fly out, F8 (Flyball, 89S, EV 83.1 MPH)
Batting: SHB Ramon Alcantara 0-0: Ball
1-0: Foul Ball, location: 2F
1-1: Called Strike
1-2: Fly out, F9 (Flyball, 9, EV 77.5 MPH)
Top of the 3rd over - 0 runs, 0 hits, 0 errors, 0 left on base; Miami 0 - St. Petersburg 1
BOTTOM OF THE 3RD
St. Petersburg Saints batting - Pitching for Miami Whales : LHP David Wells
Batting: RHB Jeff Pyburn 0-0: Ball
1-0: Ball
2-0: Called Strike
2-1: Foul Ball, location: 2F
2-2: Ball
3-2: Base on Balls
Batting: RHB Pablo Carballo 0-0: Ball
1-0: Ball
2-0: Fly out, F8 (Flyball, 8RD, EV 98.8 MPH)
Batting: LHB Terry Blocker 0-0: Ball
1-0: Ball
2-0: Called Strike
2-1: Ball
Jeff Pyburn is caught stealing 2nd base 2-6
3-1: Ground out 3-1 (Groundball, 34, EV 105.6 MPH)
Bottom of the 3rd over - 0 runs, 0 hits, 0 errors, 0 left on base; Miami 0 - St. Petersburg 1
TOP OF THE 4TH
Miami Whales batting - Pitching for St. Petersburg Saints : RHP Tian-yun Liu
Batting: RHB Donald Hubbard 0-0: Ball
1-0: Ball
2-0: Called Strike
2-1: SINGLE (Line Drive, 6MD, EV 95.0 MPH)
Batting: RHB Tom Grant 0-0: Fly out, F8 (Flyball, 8LM, EV 90.0 MPH)
Batting: LHB Lorenzo Bundy 0-0: Ball
1-0: Ball
2-0: Foul Ball, location: 2F
2-1: Foul Ball, location: 2F
2-2: Ball
3-2: Fly out, F9 (Flyball, 89D, EV 86.9 MPH)
Batting: RHB Steve Benson 0-0: Called Strike
0-1: Ball
1-1: Ball
2-1: Foul Ball, location: 2F
2-2: Fielders Choice at 2nd, 6-4 (Groundball, 6, EV 103.1 MPH)
Top of the 4th over - 0 runs, 1 hit, 0 errors, 1 left on base; Miami 0 - St. Petersburg 1
BOTTOM OF THE 4TH
St. Petersburg Saints batting - Pitching for Miami Whales : LHP David Wells
Batting: RHB Rock Coyle 0-0: Ground out 6-3 (Groundball, 6, EV 108.1 MPH)
Batting: RHB Joe Lansford 0-0: Called Strike
0-1: Ball
1-1: Ball
2-1: Called Strike
2-2: Strikes out swinging
Batting: RHB Ric Despaux 0-0: Ball
1-0: Foul Ball, location: 2F
1-1: Ball
2-1: Ground out 3-1 (Groundball, 34S, EV 81.3 MPH)
Bottom of the 4th over - 0 runs, 0 hits, 0 errors, 0 left on base; Miami 0 - St. Petersburg 1
TOP OF THE 5TH
Miami Whales batting - Pitching for St. Petersburg Saints : RHP Tian-yun Liu
Batting: LHB Brad Garnett 0-0: Called Strike
0-1: Foul Ball, location: 2F
0-2: Ball
1-2: Ground out 5-3 (Groundball, 56, EV 97.5 MPH)
Batting: RHB Ramon Cardenas 0-0: Fly out, F8 (Flyball, 78D, EV 98.8 MPH)
Batting: SHB Philip Rossi 0-0: Ground out 1-3 (Groundball, 34S, EV 64.4 MPH)
Top of the 5th over - 0 runs, 0 hits, 0 errors, 0 left on base; Miami 0 - St. Petersburg 1
BOTTOM OF THE 5TH
St. Petersburg Saints batting - Pitching for Miami Whales : LHP David Wells
Batting: RHB Randy Ingle 0-0: Called Strike
0-1: Ball
1-1: Ball
2-1: Ball
3-1: Fly out, F9 (Line Drive, 9, EV 90.6 MPH)
Batting: RHB Roberto Alvarez 0-0: Ball
1-0: Ball
2-0: Ball
3-0: Base on Balls
Batting: RHB Francisco Escalera 0-0: Ball
1-0: Foul Ball, location: 2F
1-1: Foul Ball, location: 2F
1-2: Hit by Pitch
Roberto Alvarez to second
Batting: RHB Jeff Pyburn 0-0: Ball
1-0: Foul Ball, location: 2F
1-1: Ball
2-1: Ball
3-1: Fly out, F2 (Popup, 3SF, EV 80.0 MPH)
Batting: RHB Pablo Carballo 0-0: Ball
1-0: Foul Ball, location: 2F
1-1: Fly out, F9 (Line Drive, 9D, EV 84.4 MPH)
Bottom of the 5th over - 0 runs, 0 hits, 0 errors, 2 left on base; Miami 0 - St. Petersburg 1
TOP OF THE 6TH
Miami Whales batting - Pitching for St. Petersburg Saints : RHP Tian-yun Liu
Batting: RHB Patrick Rubino 0-0: Ball
1-0: Called Strike
1-1: Called Strike
1-2: Ball
2-2: Ball
3-2: SINGLE (Groundball, 56D, EV 103.1 MPH)
Batting: SHB Ramon Alcantara 0-0: Ball
1-0: Fielders Choice at 2nd, 3-6 (Groundball, 3, EV 83.8 MPH)
Batting: RHB Donald Hubbard 0-0: Ball
1-0: Called Strike
1-1: Swinging Strike
1-2: Foul Ball, location: 2F
1-2: Strikes out swinging
Batting: RHB Tom Grant 0-0: Ball
Ramon Alcantara steals 2nd base
1-0: Ball
2-0: Ball
3-0: Called Strike
3-1: Swinging Strike
3-2: Base on Balls
Batting: LHB Lorenzo Bundy 0-0: Ball
1-0: Ball
2-0: Swinging Strike
2-1: Swinging Strike
2-2: SINGLE (Line Drive, 8RS, EV 95.0 MPH)
Ramon Alcantara to third
Tom Grant to second
Runner from 3rd tries for Home, SAFE, throw by CF to home
Batting: RHB Steve Benson 0-0: Ball
1-0: Swinging Strike
1-1: Ball
2-1: Fly out, F8 (Flyball, 8LM, EV 86.3 MPH)
Top of the 6th over - 1 run, 2 hits, 0 errors, 2 left on base; Miami 1 - St. Petersburg 1
BOTTOM OF THE 6TH
St. Petersburg Saints batting - Pitching for Miami Whales : LHP David Wells
Batting: LHB Terry Blocker 0-0: Called Strike
0-1: Ball
1-1: Swinging Strike
1-2: Ball
2-2: Ball
3-2: Foul Ball, location: 2F
3-2: Foul Ball, location: 2F
3-2: Strikes out swinging
Batting: RHB Rock Coyle 0-0: Ball
1-0: Foul Ball, location: 2F
1-1: Foul Ball, location: 2F
1-2: Foul Ball, location: 2F
1-2: Ground out 6-3 (Groundball, 6, EV 87.5 MPH)
Batting: RHB Joe Lansford 0-0: Called Strike
0-1: Ball
1-1: Foul Ball, location: 2F
1-2: SINGLE (Flyball, 8LS, EV 88.1 MPH)
Batting: RHB Ric Despaux 0-0: Called Strike
0-1: Ball
1-1: Ball
2-1: Ground out 4-3 (Groundball, 4, EV 91.3 MPH)
Bottom of the 6th over - 0 runs, 1 hit, 0 errors, 1 left on base; Miami 1 - St. Petersburg 1
TOP OF THE 7TH
Miami Whales batting - Pitching for St. Petersburg Saints : RHP Tian-yun Liu
Batting: LHB Brad Garnett 0-0: Ball
1-0: Ball
2-0: Ball
3-0: Base on Balls
Batting: RHB Ramon Cardenas 0-0: Sac Bunt to 25 - play at first, batter OUT! 5-4
Brad Garnett to second
Batting: SHB Philip Rossi 0-0: Called Strike
0-1: Ground out 6-3 (Groundball, 56, EV 95.0 MPH)
Batting: RHB Patrick Rubino 0-0: Ball
1-0: Foul Ball, location: 2F
1-1: Ball
2-1: Fly out, F8 (Flyball, 8LXD, EV 85.6 MPH)
Top of the 7th over - 0 runs, 0 hits, 0 errors, 1 left on base; Miami 1 - St. Petersburg 1
BOTTOM OF THE 7TH
St. Petersburg Saints batting - Pitching for Miami Whales : LHP David Wells
Batting: RHB Randy Ingle 0-0: Called Strike
0-1: Ground out 5-3 (Groundball, 56S, EV 63.1 MPH)
Batting: RHB Roberto Alvarez 0-0: Called Strike
0-1: Ball
1-1: Foul Ball, location: 2F
1-2: DOUBLE (Line Drive, 7LM, EV 112.5 MPH)
Batting: RHB Francisco Escalera 0-0: Called Strike
0-1: Ground out 6-3 (Groundball, 6, EV 106.3 MPH)
Pitching: RHP Michael Befort
Batting: RHB Jeff Pyburn 0-0: Called Strike
0-1: Ground out 5-3 (Groundball, 56, EV 106.3 MPH)
Bottom of the 7th over - 0 runs, 1 hit, 0 errors, 1 left on base; Miami 1 - St. Petersburg 1
TOP OF THE 8TH
Miami Whales batting - Pitching for St. Petersburg Saints : RHP Tian-yun Liu
Batting: SHB Ramon Alcantara 0-0: Foul Ball, location: 2F
0-1: Called Strike
0-2: Ball
1-2: Ball
2-2: Ball
3-2: Strikes out looking
Batting: RHB Donald Hubbard 0-0: Swinging Strike
0-1: Called Strike
0-2: Ball
1-2: Fly out, F4 (Popup, 4S, EV 73.1 MPH)
Batting: RHB Tom Grant 0-0: Ball
1-0: Ball
2-0: Foul Ball, location: 2F
2-1: Ball
3-1: Foul Ball, location: 2F
3-2: Base on Balls
Batting: LHB Lorenzo Bundy 0-0: Ball
1-0: Called Strike
1-1: Ball
2-1: Foul Ball, location: 2F
2-2: SINGLE (Line Drive, 8RS, EV 102.5 MPH)
Tom Grant to second
Batting: RHB Steve Benson 0-0: Called Strike
0-1: Foul Ball, location: 2F
0-2: Foul Ball, location: 2F
0-2: Ball
1-2: Strikes out swinging
Top of the 8th over - 0 runs, 1 hit, 0 errors, 2 left on base; Miami 1 - St. Petersburg 1
BOTTOM OF THE 8TH
St. Petersburg Saints batting - Pitching for Miami Whales : RHP Michael Befort
Batting: RHB Pablo Carballo 0-0: Called Strike
0-1: Ball
1-1: Ball
2-1: Ball
3-1: Base on Balls
Batting: LHB Terry Blocker 0-0: Ball
Pablo Carballo is caught stealing 2nd base 2-6
1-0: Called Strike
1-1: Called Strike
1-2: Foul Ball, location: 2F
1-2: Ground out U3 (Groundball, 3S, EV 91.9 MPH)
Batting: RHB Rock Coyle 0-0: Called Strike
0-1: Foul Ball, location: 2F
0-2: Strikes out swinging
Bottom of the 8th over - 0 runs, 0 hits, 0 errors, 0 left on base; Miami 1 - St. Petersburg 1
TOP OF THE 9TH
Miami Whales batting - Pitching for St. Petersburg Saints : RHP Tian-yun Liu
Pitching: RHP Edgardo Santana
Batting: LHB Brad Garnett 0-0: Called Strike
0-1: Reached on error, E6 (Groundball, 6M, EV 86.9 MPH)
Batting: RHB Ramon Cardenas 0-0: Intentional Walk
Batting: SHB Philip Rossi 0-0: Bunt missed!
0-1: Sac Bunt to P - play at first, batter OUT! 1-4
Brad Garnett to third
Ramon Cardenas to second
Batting: RHB Patrick Rubino 0-0: Ball
1-0: Ball
2-0: Called Strike
2-1: Ball
3-1: Foul Ball, location: 2F
3-2: SINGLE (Flyball, 56D, EV 83.8 MPH)
Brad Garnett scores
Ramon Cardenas to third
Runner from 3rd tries for Home, SAFE, throw by LF to home
Batting: SHB Ramon Alcantara 0-0: Foul Ball, location: 2F
0-1: Foul Ball, location: 2F
0-2: Ball
Wild Pitch!
Patrick Rubino to second
1-2: Ball
2-2: SINGLE (Line Drive, 89S, EV 101.3 MPH)
Patrick Rubino to third
Runner from 3rd tries for Home, SAFE, throw by CF to home
Batting: RHB Donald Hubbard 0-0: Called Strike
0-1: Ball
Ramon Alcantara steals 2nd base (no throw)
1-1: Called Strike
1-2: Ball
2-2: Strikes out swinging
Batting: RHB Tom Grant 0-0: Called Strike
0-1: Foul Ball, location: 2F
0-2: Ball
1-2: Ball
2-2: Foul Ball, location: 2F
2-2: Strikes out swinging
Top of the 9th over - 3 runs, 2 hits, 1 error, 1 left on base; Miami 4 - St. Petersburg 1
BOTTOM OF THE 9TH
St. Petersburg Saints batting - Pitching for Miami Whales : RHP Michael Befort
Batting: RHB Joe Lansford 0-0: Called Strike
0-1: Foul Ball, location: 2F
0-2: Foul Ball, location: 2F
0-2: Strikes out swinging
Batting: RHB Ric Despaux 0-0: Called Strike
0-1: Ball
1-1: Ball
2-1: SINGLE (Line Drive, 6D, EV 100.0 MPH)
Batting: RHB Randy Ingle 0-0: Fly out, F7 (Flyball, 7, EV 81.9 MPH)
Batting: RHB Roberto Alvarez 0-0: Ball
1-0: Called Strike
1-1: Ball
2-1: Ball
3-1: Fielders Choice at 2nd, 6-4 (Groundball, 6, EV 103.1 MPH)
Bottom of the 9th over - 0 runs, 1 hit, 0 errors, 1 left on base; Miami 4 - St. Petersburg 1
Friday, August 21st, 2020 - OOTP Baseball 21.5 Build 76